 Dungeon Sprint DCSS version 0.18.1-50-g88ac8fd (webtiles) character file.

0 yungnami the Grave Robber (level 1, 0/13 HPs)
             Began as a Formicid Necromancer on Oct 6, 2016.
             Slain by an adder (4 damage)
             ... in the Dungeon (Sprint VI: "Thunderdome").
             The game lasted 00:00:44 (61 turns).

yungnami the Grave Robber (Formicid Necromancer)      Turns: 61, Time: 00:00:45

Health: 0/13       AC:  2    Str: 12    XL:     1   Next: 11%
Magic:  3/3        EV: 12    Int: 14    God:
Gold:   0          SH:  0    Dex: 11    Spells: 1 memorised, 3 levels left

rFire  . . .     SeeInvis +     (no weapon)
rCold  . . .     Gourm    .     a - +0 robe
rNeg   . . .     Faith    .     (no shield)
rPois  .         Spirit   .     (helmet unavailable)
rElec  .         Dismiss  .     (no cloak)
rCorr  .         Reflect  .     (no gloves)
SustAt .         Harm     .     (no boots)
MR     .....                    (no amulet)
Stlth  ++........               (no ring)
                                (no ring)

@: lethally poisoned (0 -> -10), not resistant to hostile enchantments,
unstealthy
A: permanent stasis, dig shafts and tunnels, four strong arms, antennae 3
a: Dig


You were in the Dungeon.
You were not hungry.

You visited 1 branch

Inventory:

Armour
 a - a +0 robe (worn)
Scrolls
 i - a scroll of blinking
Potions
 d - a potion of curing
 e - a potion of heal wounds
 f - a potion of haste
 g - 2 potions of magic
 h - a potion of berserk rage
Books
 b - a book of Necromancy

   Spells                             Type                      Level
   a - Pain                           Necromancy                   1
   b - Animate Skeleton               Necromancy                   1
   c - Vampiric Draining              Necromancy                   3
   d - Regeneration                   Charms/Necromancy            3
   e - Animate Dead                   Necromancy                   4
   f - Control Undead                 Necromancy                   4
Comestibles
 c - a bread ration
 j - a chunk of flesh


   Skills:
 + Level 1.8 Dodging
 + Level 2.5 Stealth
 + Level 2.2 Spellcasting
 + Level 4.2 Necromancy


You had 3 spell levels left.
You knew the following spells:

 Your Spells              Type           Power        Failure   Level  Hunger
a - Pain                  Necr           ##..         4%          1    #......


Dungeon Overview and Level Annotations

Branches:
Dungeon (1/1)

Altars:
Dithmenos
Fedhas
Gozag
Kikubaaqudgha
Makhleb
Qazlal
Sif Muna
Trog
Vehumet
Xom
The Shining One
Jiyva
Lugonu

Shops:
D *[%???:(!!!


Innate Abilities, Weirdness & Mutations

You are under a permanent stasis effect.
You can dig through walls and to a lower floor.
Your four strong arms can wield two-handed weapons with a shield.
You have a pair of large antennae on your head (SInv).


Message History

You kill the bat!
No target in view!
You see here a bat corpse.
You butcher the bat corpse.
j - a chunk of flesh
Found a shadowy altar of Dithmenos.
An adder comes into view.
Found a corrupted altar of Lugonu.
Found Usatante's Distillery.
The adder bites you but does no damage. x2
Found Miubaati's Distillery and Pehom's Bottled Wisdom.
You closely miss the adder. The adder bites you.
You are poisoned.
The adder poisons you!
You barely miss the adder.
You feel sick. The adder barely misses you.
You barely miss the adder. The adder bites you.
You are lethally poisoned!
The adder poisons you! The adder bites you but does no damage.
You closely miss the adder.
You feel sick. The adder bites you.
You die...

##∩.....∩## #∩.......∩#
#_........# #_......._#
#_......._#
###.........###
#⌠...........⌠#
#####.8.........8.######
∩._.......###...@.._._∩#
........8.# #.8.S......∩
..........###...........
.......###...###........
.......# #.<.# #........
.......###...# #........
..........###...........
........8.# .8........∩
∩___......# .....


You could see an adder.

Vanquished Creatures
  A bat (D)
1 creature vanquished.

Notes
Turn   | Place    | Note
--------------------------------------------------------------
     0 | D        | yungnami the Formicid Necromancer began the quest for the Orb.
     0 | D        | Reached XP level 1. HP: 13/13 MP: 3/3
     1 | D        | Found a bloodstained altar of Trog.
     1 | D        | Found a blossoming altar of Fedhas.
     2 | D        | Found a radiant altar of Vehumet.
     2 | D        | Found a glowing golden altar of the Shining One.
     3 | D        | Found an opulent altar of Gozag.
     4 | D        | Found Luropt's Identification Station.
     4 | D        | Found a shimmering altar of Xom.
     4 | D        | Found Lyevam's Bee Food.
     5 | D        | Found Wyosomn's Advanced Armour.
     5 | D        | Found Vason's Jewellery.
     5 | D        | Round 1.
    18 | D        | Found a stormy altar of Qazlal.
    19 | D        | Found a viscous altar of Jiyva.
    21 | D        | Found an ancient bone altar of Kikubaaqudgha.
    23 | D        | Found Guasilolou's Magic Scroll Shop.
    28 | D        | Found a burning altar of Makhleb.
    28 | D        | Found a deep blue altar of Sif Muna.
    28 | D        | Found Ylerhasa's Staff Store.
    29 | D        | Found Tibueq's Magic Scroll Shop.
    29 | D        | Found Aghexar's Must-Have Magic.
    51 | D        | Found a shadowy altar of Dithmenos.
    54 | D        | Found a corrupted altar of Lugonu.
    56 | D        | Found Usatante's Distillery.
    57 | D        | Found Miubaati's Distillery.
    57 | D        | Found Pehom's Bottled Wisdom.
    61 | D        | Slain by an adder

Action                   || total
-------------------------++-------
Melee: Unarmed           ||     5
 Cast: Pain              ||     3
Armor: Robe              ||     5
Dodge: Dodged            ||     7
